 Dungeon Crawl Stone Soup version 0.23-a0-635-g88ca12a (webtiles) character file.

4200 Gildeon the Cleaver (level 10, -28/86 HPs)
             Began as a Minotaur Fighter on Dec 27, 2018.
             Was an Elder of Makhleb.
             Annihilated by a very large slime creature (49 damage)
             ... on level 9 of the Dungeon.
             The game lasted 00:23:22 (6102 turns).

Gildeon the Cleaver (Minotaur Fighter)              Turns: 6102, Time: 00:23:23

Health: -28/86     AC: 13    Str: 24    XL:     10   Next: 8%
Magic:  12/12      EV:  8    Int:  5    God:    Makhleb [****..]
Gold:   362        SH:  0    Dex: 10    Spells: 8/9 levels left

rFire    + . .     SeeInvis +   a - +8 broad axe of the Fool {freeze, rF+}
rCold    . . .     Gourm    .   (no shield)
rNeg     + . .     Faith    .   t - +0 plate armour
rPois    .         Spirit   .   (helmet restricted)
rElec    .         Reflect  .   (no cloak)
rCorr    .         Harm     .   (no gloves)
MR       .....                  x - +0 pair of boots
Stlth    ..........             (no amulet)
HPRegen  0.24/turn              j - ring of see invisible
MPRegen  0.13/turn              n - ring of positive energy

@: no status effects
A: retaliatory headbutt, horns 2
a: Minor Destruction, Lesser Servant of Makhleb, Major Destruction, Renounce
Religion


You were on level 9 of the Dungeon.
You worshipped Makhleb.
Makhleb was greatly pleased with you.
You were not hungry.

You visited 2 branches of the dungeon, and saw 10 of its levels.
You also visited: Ossuary.

You collected 362 gold pieces.

Inventory:

Hand Weapons
 a - the +8 broad axe of the Fool (weapon) {freeze, rF+}
   (You found it on level 9 of the Dungeon)

   It has been specially enchanted to freeze those struck by it, causing extra
   injury to most foes and up to half again as much damage against particularly
   susceptible opponents.
   It can also slow down cold-blooded creatures.
   It protects you from fire.
 s - a +0 dire flail
Armour
 t - a +0 plate armour (worn)
 x - a +0 pair of boots (worn)
Jewellery
 j - a ring of see invisible (left hand)
 n - a ring of positive energy (right hand)
Wands
 c - a wand of disintegration (11)
 p - a wand of digging (9)
 u - a wand of flame (8)
Scrolls
 g - 5 scrolls of teleportation
 o - a scroll of fog
 q - 5 scrolls of remove curse
 v - 4 scrolls of identify
Potions
 b - 3 potions of might
 d - a potion of haste
 e - a potion of heal wounds
 h - 5 potions of curing
 i - a potion of resistance
 l - 2 potions of agility
 m - a potion of lignification
 r - 2 potions of flight
 w - a potion of cancellation
Comestibles
 f - 13 rations
 k - 2 chunks of flesh


   Skills:
 + Level 7.2 Fighting
 * Level 12.3 Axes
 - Level 5.0 Armour
 - Level 5.0 Dodging
   Level 3.6 Shields
 - Level 5.0 Invocations
 + Level 3.9 Evocations


You had 8 spell levels left.
You knew the following spells:

 Your Spells              Type           Power        Failure   Level  Hunger
a - Sting                 Conj/Pois      #...         100%        1    ##.....

Your spell library contained the following spells:

 Spells                   Type           Power        Failure   Level  Hunger
 Poisonous Vapours        Pois/Air       #.....       100%        2    ###....
 Mephitic Cloud           Conj/Pois/Air  #.......     100%        3    ####...
 Olgreb's Toxic Radiance  Pois           #.......     100%        4    #####..
 Venom Bolt               Conj/Pois      #.........   100%        5    ######.


Dungeon Overview and Level Annotations

Branches:
Dungeon (9/15)             Temple (1/1) D:5             Orc (0/2) D:9
   Lair: D:8-11

Altars:
Ashenzari
Cheibriados
Dithmenos
Elyvilon
Fedhas
Gozag
Hepliaklqana
Kikubaaqudgha
Makhleb
Nemelex Xobeh
Okawaru
Qazlal
Ru
Sif Muna
Trog
Uskayaw
Vehumet
Wu Jian
Xom
Yredelemnul
Zin
The Shining One


Innate Abilities, Weirdness & Mutations

You reflexively headbutt those who attack you in melee.
You have a pair of horns on your head.


Message History

You headbutt the very large slime creature!
The very large slime creature is severely wounded.
The very large slime creature closely misses you.
You hit the very large slime creature.
You freeze the very large slime creature.
The very large slime creature is severely wounded.
The very large slime creature closely misses you.
You slash the very large slime creature!
You freeze the very large slime creature.
You headbutt the very large slime creature, but do no damage.
The very large slime creature is almost dead.
The very large slime creature hits you!!!
Ouch! That really hurt!
* * * LOW HITPOINT WARNING * * *
You hit the very large slime creature.
You freeze the very large slime creature.
The very large slime creature is almost dead.
The very large slime creature hits you!!!
Ouch! That really hurt!
You die...

# .# ####.# .....# ##.###
##.####... #########
............ ####.......#
...#.##.###[..###.......##.#
.....<.........J@.....#.##.#
..............###.##..#.##.#
....>...###.......)...#.##.#
........#
###.###.###.#.##.##
....##.## #.###.......#
.#..# .# #....[..##..# .#..#
.# ##########..# .#..##.####
#..# ##......... #..##


You could see a very large slime creature.

Vanquished Creatures
  Pikel (D:9)
  Grinder (D:4)
  Duvessa (D:6)
  A water moccasin (D:8)
  An orc warrior (D:8)
  2 sky beasts
  2 slaves (D:9)
  A phantom (D:7)
  4 ogres
  3 centaurs
  A big kobold (D:4)
  Blork the orc (D:6)
  4 bullfrogs
  3 elf zombies (Ossuary)
  Dowan (D:6)
  4 scorpions
  4 wights (D:7)
  A centaur zombie (Ossuary)
  A quasit (D:7)
  A bullfrog zombie (D:9)
  A human zombie (Ossuary)
  5 orc priests
  A centaur skeleton (D:4)
  3 hounds
  2 jellies
  10 orc wizards
  5 iguanas
  Jessica (D:2)
  2 worker ants
  6 hound zombies
  3 mummies (Ossuary)
  7 gnolls
  13 adders
  A shadow imp (D:8)
  3 adder zombies (Ossuary)
  An ooze (D:2)
  3 adder skeletons
  2 worms (D:2)
  A dart slug (D:1)
  5 leopard geckos
  28 orcs
  5 giant cockroaches
  A gnoll zombie (Ossuary)
  11 goblins
  10 hobgoblins
  10 jackals
  3 quokkas
  A ball python (D:1)
  12 bats
  2 frilled lizards
  4 goblin zombies (Ossuary)
  2 hobgoblin zombies (Ossuary)
  5 jackal zombies (Ossuary)
  9 kobolds
  5 kobold zombies (Ossuary)
  A quokka skeleton (D:7)
  4 quokka zombies (Ossuary)
  10 rats
  3 rat zombies (Ossuary)
239 creatures vanquished.

Vanquished Creatures (collateral kills)
  A centaur (D:9)
1 creature vanquished.

Vanquished Creatures (others)
  2 slaves (D:9)
2 creatures vanquished.

Grand Total: 242 creatures vanquished

Notes
Turn   | Place    | Note
-------+----------+-------------------------------------------
     0 | D:1      | Gildeon the Minotaur Fighter began the quest for the Orb.
     0 | D:1      | Reached XP level 1. HP: 19/19 MP: 0/0
   122 | D:1      | Reached XP level 2. HP: 25/27 MP: 1/1
   130 | D:1      | Reached skill level 3 in Axes
   240 | D:1      | Reached skill level 1 in Dodging
   359 | D:1      | Reached XP level 3. HP: 31/33 MP: 2/2
   544 | D:1      | Found a sparkling altar of Nemelex Xobeh.
   743 | D:2      | Found a deep blue altar of Sif Muna.
   805 | D:2      | Reached XP level 4. HP: 40/40 MP: 3/3
   943 | D:2      | Reached skill level 4 in Axes
  1087 | D:2      | Noticed Jessica
  1091 | D:2      | Killed Jessica
  1138 | D:3      | Reached XP level 5. HP: 42/47 MP: 4/4
  1159 | D:3      | Reached skill level 5 in Axes
  1281 | D:3      | Found a burning altar of Makhleb.
  1281 | D:3      | Found a hazy altar of Hepliaklqana.
  1281 | D:3      | Found a shadowy altar of Dithmenos.
  1297 | D:3      | Became a worshipper of Makhleb the Destroyer
  1476 | D:3      | Reached XP level 6. HP: 55/55 MP: 5/5
  1570 | D:3      | Found a glowing silver altar of Zin.
  1635 | D:3      | Found an ancient bone altar of Kikubaaqudgha.
  1745 | D:4      | Reached skill level 5 in Fighting
  1745 | D:4      | Reached skill level 5 in Armour
  1821 | D:4      | Reached * piety under Makhleb
  1821 | D:4      | Reached skill level 6 in Axes
  1821 | D:4      | Reached skill level 1 in Invocations
  1852 | D:4      | Reached XP level 7. HP: 52/61 MP: 5/7
  1917 | D:4      | Noticed Grinder
  1929 | D:4      | Paralysed by Grinder for 4 turns
  1936 | D:4      | Paralysed by Grinder for 3 turns
  1939 | D:4      | Killed Grinder
  1939 | D:4      | Reached skill level 7 in Axes
  2358 | D:4      | Found a stormy altar of Qazlal.
  2360 | D:4      | Noticed an air elemental
  2361 | D:4      | Noticed a fire elemental
  2361 | D:4      | Noticed a water elemental
  2501 | D:5      | Entered Level 5 of the Dungeon
  2516 | D:5      | Found a staircase to the Ecumenical Temple.
  2526 | Temple   | Entered the Ecumenical Temple
  2810 | D:5      | Reached XP level 8. HP: 49/68 MP: 9/9
  2823 | D:5      | Reached skill level 8 in Axes
  2842 | D:5      | Reached ** piety under Makhleb
  2842 | D:5      | Reached skill level 5 in Dodging
  3243 | D:5      | Found a white marble altar of Elyvilon.
  3492 | D:6      | Reached skill level 9 in Axes
  3742 | D:6      | Noticed Duvessa
  3742 | D:6      | Noticed Dowan
  3748 | D:6      | Killed Duvessa
  3752 | D:6      | Killed Dowan
  3767 | D:6      | Noticed Blork the orc
  3771 | D:6      | Killed Blork the orc
  4057 | D:6      | Found a white marble altar of Elyvilon.
  4091 | D:7      | Reached skill level 10 in Axes
  4136 | D:7      | Found a sand-covered staircase.
  4145 | Ossuary  | Entered an ossuary
  4172 | Ossuary  | Reached XP level 9. HP: 74/74 MP: 11/11
  4203 | Ossuary  | Reached skill level 5 in Invocations
  4220 | Ossuary  | Reached skill level 1 in Evocations
  4231 | Ossuary  | Reached *** piety under Makhleb
  4852 | D:7      | Reached skill level 11 in Axes
  4954 | D:7      | Found a basalt altar of Yredelemnul.
  5388 | D:8      | Reached **** piety under Makhleb
  5509 | D:8      | Learned a level 1 spell: Sting
  5721 | D:8      | Reached skill level 12 in Axes
  5843 | D:9      | Found a staircase to the Orcish Mines.
  5845 | D:9      | Noticed Pikel
  5858 | D:9      | Killed Pikel
  5858 | D:9      | Reached XP level 10. HP: 80/86 MP: 12/12
  6048 | D:9      | Got a steaming broad axe
  6049 | D:9      | Identified the +8 broad axe of the Fool {freeze, rF+} (You
                  | found it on level 9 of the Dungeon)
  6102 | D:9      | Annihilated by a very large slime creature

Vault maps used:
D:1:      shiori_arrival_elements, nemelex_xobeh_ov_fountains_minmay
D:2:      lemuel_blue_sif_altar, uniq_jessica
D:3:      zin_treasury, chequers_temple_overflow_statue_of_worship,
          marbit_many_paths, hex_intersection
D:4:      nicolae_qazlal_style_of_elements, uniq_grinder
D:5:      temple_hall, first_ration, minmay_misc_feat_tiny, minmay_ruined_shrine
D:6:      kennysheep_mini_moat, uniq_duvessa, uniq_blork_the_orc
D:7:      yredelemnul_altar_generic, nicolae_ossuary_entry_ruins
D:9:      orc_0_dummy, uniq_pikel
Temple:   dshaligram_water_room_temple
Ossuary:  minmay_ossuary_two_tombs

Skill      XL: |  1  2  3  4  5  6  7  8  9 |
---------------+----------------------------+-----
Axes           | 3 4 5 6 7 10 12 | 12.3
Dodging        | 1 2 3 4 5 |  5.0
Fighting       | 4 5 7 |  7.2
Armour         | 4 5 |  5.0
Invocations    | 1 2 4 5 |  5.0
Evocations     | 3 |  3.9
Shields        | |  3.6

Action                   |  1- 3 |  4- 6 |  7- 9 | 10-12 || total
-------------------------+-------+-------+-------+-------++-------
Melee: War axe           |    78 |   120 |   372 |    12 ||   582
       Headbutt          |    10 |    20 |    65 |     7 ||   102
       Broad axe         |       |       |       |    13 ||    13
Evoke: Wand              |       |       |    39 |       ||    39
  Use: Scroll            |     2 |     4 |    13 |     1 ||    20
       Potion            |       |       |     2 |       ||     2
  Eat: Chunk             |       |     3 |    14 |       ||    17
Armor: Scale mail        |    55 |    94 |    13 |       ||   162
       Plate armour      |       |       |   215 |     8 ||   223
Dodge: Dodged            |    47 |    99 |   172 |    11 ||   329

Table legend:
 A = Non-vault XP
 B = Vault XP
 C = Vault XP percentage of total XP
 D = Non-vault monster count
 E = Vault monster count
 F = Vault count percentage of total count
                 A         B        C        D         E       F
            +---------+---------+-------+---------+---------+-------
      Total |    3933 |    2067 |  34.5 |     184 |      54 |  22.7
            +---------+---------+-------+---------+---------+-------
        D:1 |      45 |       0 |   0.0 |      27 |       0 |   0.0
        D:2 |     101 |      37 |  26.8 |      25 |       1 |   3.8
        D:3 |     258 |       2 |   0.8 |      38 |       1 |   2.6
        D:4 |     495 |     258 |  34.3 |      19 |       1 |   5.0
        D:5 |     350 |     259 |  42.5 |      19 |       7 |  26.9
        D:6 |     396 |     322 |  44.8 |      12 |       3 |  20.0
        D:7 |     940 |       0 |   0.0 |      18 |       0 |   0.0
        D:8 |    1136 |       0 |   0.0 |      20 |       0 |   0.0
        D:9 |     212 |     629 |  74.8 |       6 |       1 |  14.3
    Ossuary |       0 |     560 | 100.0 |       0 |      40 | 100.0
            +---------+---------+-------+---------+---------+-------
